 Dungeon Crawl Stone Soup version 0.21.1-1-g345015fe64 (webtiles) character file.

372 Gargoyl the Skirmisher (level 6, -7/56 HPs)
             Began as a Centaur Abyssal Knight on Feb 7, 2018.
             Was a Believer of Lugonu.
             Mangled by an ogre
             ... wielding a +0 giant club
              (20 damage)
             ... on level 4 of the Dungeon.
             The game lasted 00:05:46 (2854 turns).

Gargoyl the Skirmisher (Centaur Abyssal Knight)     Turns: 2854, Time: 00:05:47

Health: -7/56      AC: 11    Str: 14    XL:     6   Next: 43%
Magic:  8/8        EV:  2    Int: 11    God:    Lugonu [**....]
Gold:   230        SH:  0    Dex: 11    Spells: 5/5 levels left

rFire    . . .     SeeInvis .   a - +1 hand axe
rCold    . . .     Gourm    .   (no shield)
rNeg     . . .     Faith    .   p - +0 plate armour
rPois    .         Spirit   .   d - +1 helmet
rElec    .         Reflect  .   (no cloak)
rCorr    .         Harm     .   (no gloves)
MR       .....                  (no barding)
Stlth    ..........             s - amulet of rage
HPRegen  0.18/turn              b - ring of loudness (curse)
MPRegen  0.11/turn              (no ring)

@: very quick
A: large, hooves 3, deformed body, speed 2, tough skin 3
a: Depart the Abyss, Bend Space, Renounce Religion, Evoke Berserk Rage


You were on level 4 of the Dungeon.
You worshipped Lugonu.
Lugonu was pleased with you.
You were not hungry.

You visited 1 branch of the dungeon, and saw 4 of its levels.
You visited the Abyss 1 time.

You collected 230 gold pieces.

Inventory:

Hand Weapons
 a - a +1 hand axe (weapon)
Missiles
 m - 4 tomahawks (quivered)
Armour
 d - a +1 helmet (worn)
 p - a +0 plate armour (worn)
Jewellery
 b - a cursed ring of loudness (left hand)
 s - an amulet of rage (around neck)
Scrolls
 h - a scroll of identify
 l - a scroll of amnesia
Potions
 e - a potion of heal wounds {unknown}
 f - a potion of curing {unknown}
 g - a potion of berserk rage
 i - a potion of degeneration {unknown}
 j - 2 potions of brilliance {unknown}
 k - a potion of lignification {unknown}
 n - a potion of cancellation {unknown}
 o - a potion of agility {unknown}
Comestibles
 c - 15 rations
 r - 5 chunks of flesh


   Skills:
 + Level 5.1 Fighting
 + Level 3.4 Axes
 * Level 2.4 Armour
 + Level 1.1 Dodging
 * Level 3.2 Invocations


You had 5 spell levels left.
You didn't know any spells.

Dungeon Overview and Level Annotations

Branches:
Dungeon (4/15)             Temple (0/1) D:4

Altars:


Innate Abilities, Weirdness & Mutations

You have hooves in place of feet.
Armour fits poorly on your strangely shaped body.
You cover ground very quickly.
You have extremely tough skin. (AC +3)


Message History

The ogre is heavily wounded.
The ogre hits you with a giant club!
* * * LOW HITPOINT WARNING * * *
You see here a spear.
Throwing (i - inventory):
m - 7 tomahawks (quivered)
Press: ? - help, Shift-Dir - straight line, f - ogre
Aim: an ogre, wielding a giant club (moderately wounded)
You throw a tomahawk. The tomahawk closely misses the ogre.
Throwing (i - inventory):
m - 6 tomahawks (quivered)
Press: ? - help, Shift-Dir - straight line, f/p - ogre
Aim: an ogre, wielding a giant club (moderately wounded)
You throw a tomahawk. The tomahawk hits the ogre.
The ogre is severely wounded.
Throwing (i - inventory):
m - 5 tomahawks (quivered)
Press: ? - help, Shift-Dir - straight line, f/p - ogre
Aim: an ogre, wielding a giant club (severely wounded)
You throw a tomahawk. The tomahawk hits the ogre.
The ogre is almost dead.
The ogre hits you with a giant club!!
You die...

#............................
#................#.#.........
#.........##... #..#.#######
#.........# ##.#.#
#.........# #...# #.........#
#O..# #.........# #...#
#.........#########..>#
#.............@O((...(#
#..................##.#
#.................##.#
...#.#[.............#
..#.#.#..#####.......
.#a#.#.#.. #........
..#.>.#... #........
.#.#.#.#..# #........


You could see an ogre.

Vanquished Creatures
  A crimson imp (D:3)
  An orc wizard (D:4)
  Robin (D:3)
  7 adders
  2 river rats (D:3)
  2 oozes
  A worm (D:2)
  3 dart slugs
  5 leopard geckos
  2 orcs (D:4)
  A ball python (D:1)
  6 bats
  3 giant cockroaches (D:3)
  16 goblins
  10 hobgoblins
  5 quokkas
  2 frilled lizards
  6 kobolds
  11 rats
85 creatures vanquished.

Vanquished Creatures (collateral kills)
  A large abomination (Abyss:2)
1 creature vanquished.

Grand Total: 86 creatures vanquished

Notes
Turn   | Place    | Note
-------+----------+-------------------------------------------
     0 | Abyss:1  | Gargoyl the Centaur Abyssal Knight began the quest for the Orb.
     0 | Abyss:1  | Reached XP level 1. HP: 19/19 MP: 2/2
    51 | Abyss:2  | Found a corrupted altar of Lugonu.
    77 | Abyss:2  | Noticed a large abomination
    83 | Abyss:2  | Killed a large abomination
    83 | Abyss:2  | Reached skill level 4 in Fighting
    83 | Abyss:2  | Reached XP level 2. HP: 28/28 MP: 3/3
    83 | Abyss:2  | Reached XP level 3. HP: 34/34 MP: 4/4
    83 | Abyss:2  | Reached XP level 4. HP: 41/41 MP: 5/5
    92 | Abyss:2  | Noticed a small abomination
    97 | Abyss:2  | Noticed a dire elephant zombie
   101 | Abyss:2  | Noticed a smoke demon
   104 | D:1      | Escaped the Abyss
   436 | D:1      | Reached * piety under Lugonu
   765 | D:2      | Reached XP level 5. HP: 47/47 MP: 6/6
   802 | D:2      | Found a faded altar of an unknown god.
  1889 | D:3      | Reached skill level 1 in Dodging
  1934 | D:3      | Reached ** piety under Lugonu
  1972 | D:3      | Reached skill level 5 in Fighting
  1973 | D:3      | Noticed Robin
  1982 | D:3      | Killed Robin
  2029 | D:3      | Reached XP level 6. HP: 50/56 MP: 8/8
  2826 | D:4      | Found a staircase to the Ecumenical Temple.
  2854 | D:4      | Mangled by an ogre

Skill      XL: |  1  2  3  4  5 |
---------------+----------------+-----
Fighting       | 4 5 |  5.1
Axes           | 2 3 |  3.4
Armour         | 2 |  2.4
Dodging        | 1 |  1.1
Invocations    | 3 |  3.2

Action                   |  1- 3 |  4- 6 || total
-------------------------+-------+-------++-------
Melee: Hand axe          |       |   244 ||   244
       Kick              |       |    50 ||    50
Throw: Tomahawk          |       |     3 ||     3
Invok: Depart the Abyss  |       |     1 ||     1
  Use: Scroll            |     1 |    11 ||    12
  Eat: Chunk             |       |     5 ||     5
Armor: Leather armour    |       |    69 ||    69
       Plate armour      |       |   113 ||   113
Dodge: Dodged            |       |    67 ||    67
